 Dungeon Crawl Stone Soup version 0.30.0-20-g3615ddf2f0 (webtiles) character file.

Game seed: 12362057719039004533

100 qw the Chopper (level 4, -3/28 HPs)
             Began as a Gargoyle Fighter on May 29, 2023.
             Killed from afar by Sigmund (7 damage)
             ... with a puff of flame
             ... on level 2 of the Dungeon.
             The game lasted 00:01:08 (1684 turns).

qw the Chopper (Gargoyle Fighter)                   Turns: 1684, Time: 00:01:09

Health: -3/28      AC: 11    Str: 22    XL:     4   Next: 74%
Magic:  4/4        EV:  9    Int:  8    God:
Gold:   160        SH:  4    Dex:  9    Spells: 3/3 levels left

rFire   . . .        Y - +1 war axe (flame)
rCold   . . .        c - +0 buckler
rNeg    + . .        b - +0 scale mail
rPois   inf          (no helmet)
rElec   +            (no cloak)
rCorr   .            (no gloves)
SInv    .            l - +0 pair of boots
Will    +....        (no amulet) Stlth
                     j - ring of willpower
HPRegen 0.24/turn    (no ring)
MPRegen 0.09/turn

%: no passive effects
@: no status effects
A: sickness immunity, AC +3, negative energy resistance 1, electricity
resistance, torment resistance 1, petrification resistance
a: no special abilities


You were on level 2 of the Dungeon.
You visited 1 branch of the dungeon, and saw 2 of its levels.

You collected 160 gold pieces.


Innate Abilities, Weirdness & Mutations

You are immune to sickness and miasma.
Your stone body is resilient. (AC +3)
You are immune to poison.
You resist negative energy. (rN+)
You are resistant to electric shocks. (rElec)
You are resistant to unholy torment.
You are immune to petrification.


   Skills:
 - Level 3.2 Fighting
 + Level 4.3 Axes
 - Level 3.2 Armour
 - Level 3.2 Shields


You had 3 spell levels left.
You didn't know any spells.
Your spell library was empty.

Inventory:

Hand Weapons
 Y - a +1 war axe of flaming (weapon)
Armour
 b - a +0 scale mail (worn)
 c - a +0 buckler (worn)
 l - a +0 pair of boots (worn)
Jewellery
 j - a ring of willpower (left hand)
Scrolls
 a - a scroll of identify
Potions
 d - a potion of might
 f - a potion of mutation
 g - a potion of resistance {unknown}
 i - a potion of curing
 k - a potion of attraction {unknown}

Dungeon Overview and Level Annotations

Branches:
Dungeon (2/15)

Altars:

Annotations:
D:2 Sigmund


Message History

Something hits you.
You swing at nothing.
Something hits you!
You swing at nothing.
You swing at nothing.
A magic dart appears from out of thin air!
The magic dart hits you. Something hits you but does no damage.
You swing at nothing.
You swing at nothing.
Something hits you but does no damage.
You swing at nothing.
Something hits you but does no damage.
You swing at nothing.
Something hits you but does no damage.
You swing at nothing.
Something hits you but does no damage.
You swing at nothing.
Something hits you.
You swing at nothing.
Something hits you but does no damage.
You swing at nothing.
Something hits you.
You swing at nothing.
You swing at nothing.
Something hits you!
You swing at nothing.
You hear some strange, mumbled words.
A puff of flame appears from out of thin air!
The puff of flame misses you. Something hits you.
You swing at nothing.
You swing at nothing.
Sigmund appears from thin air!
Reactivating autopickup.
Sigmund gestures wildly while chanting.
Sigmund flickers and vanishes!
Deactivating autopickup; reactivate with Ctrl-A.
You hear some strange, mumbled words.
A puff of flame appears from out of thin air!
The puff of flame hits you!
You die...

##### ...#
#.####.#######
#...{.@%)<...#
######.#####.# #.#
#.######### #.#
#.......... #.#
#..######## ###.###
#..#### g.........#
#.....#
.#.###.##.###...#.#
#.#...###....#


There were no monsters in sight!

Vanquished Creatures
  4 adders (D:2)
  3 worms
  2 dart slugs (D:1)
  3 endoplasms
  3 goblins
  4 hobgoblins
  2 jackals (D:1)
  4 kobolds
  5 quokkas
  9 ball pythons
  4 bats
  5 frilled lizards
  5 rats
53 creatures vanquished.

Notes
Turn   | Place    | Note
-------+----------+-------------------------------------------
     0 | D:1      | qw the Gargoyle Fighter began the quest for the Orb.
     0 | D:1      | Reached XP level 1. HP: 14/14 MP: 1/1
     0 | D:1      | 0 ||| qw: Version: 0.2-a-102-g2b76a06
     0 | D:1      | 0 ||| qw: Game counter: 386
     0 | D:1      | 0 ||| qw: Always use a shield: true
     0 | D:1      | 0 ||| qw: God list: Okawaru
     0 | D:1      | 0 ||| qw: Allow faded altars: false
     0 | D:1      | 0 ||| qw: Do Orc after D:15 true
     0 | D:1      | 0 ||| qw: Do second Lair branch before Depths: true
     0 | D:1      | 0 ||| qw: Lair rune preference: random
     0 | D:1      | 0 ||| qw: Plans: Normal, Zot:1-4, Slime:5, God:TSO, Crypt,
                  | Tomb, Pan, Hells, Abyss, Win
     0 | D:1      | 0 ||| PLANNING D:1-11
    48 | D:1      | Reached skill level 2 in Axes
   196 | D:1      | Reached XP level 2. HP: 10/19 MP: 2/2
   325 | D:1      | 325 ||| Stepping ~*~*~tactically~*~*~ (hiding).
   331 | D:1      | 331 ||| Stepping ~*~*~tactically~*~*~ (stealth).
   335 | D:1      | Reached skill level 3 in Axes
   344 | D:1      | Reached XP level 3. HP: 23/23 MP: 3/3
   392 | D:1      | 392 ||| Stepping ~*~*~tactically~*~*~ (stealth).
   852 | D:1      | 852 ||| UPGRADING to ring of willpower.
   853 | D:1      | 853 ||| READING 3 scrolls labelled BONAIRH ZIKH.
   854 | D:1      | 854 ||| READING scroll labelled REUFOU OLYTZA.
   855 | D:1      | 855 ||| READING scroll labelled LEBLUE JIRIE.
   856 | D:1      | 856 ||| READING scroll labelled VIH QOFUR JEH.
   857 | D:1      | 857 ||| READING 2 scrolls of identify.
   857 | D:1      | 857 ||| IDENTIFYING bubbling cyan potion
  1076 | D:2      | 1076 ||| Stepping ~*~*~tactically~*~*~ (stealth).
  1125 | D:2      | Reached XP level 4. HP: 28/28 MP: 4/4
  1202 | D:2      | Reached skill level 4 in Axes
  1351 | D:2      | Noticed Sigmund
  1352 | D:2      | 1352 ||| Stepping ~*~*~tactically~*~*~ (hiding).
  1369 | D:2      | 1369 ||| FLEEEEING.
  1376 | D:2      | 1376 ||| STAIRDANCE
  1432 | D:1      | 1432 ||| UPGRADING to +0 pair of boots.
  1437 | D:1      | 1437 ||| READING 2 scrolls labelled LOMOTE EMER.
  1438 | D:1      | 1438 ||| READING scroll labelled XAIMIADUCWU.
  1439 | D:1      | 1439 ||| DRINKING 2 white potions.
  1440 | D:1      | 1440 ||| DROPPING scroll of fog.
  1456 | D:2      | 1456 ||| FLEEEEING.
  1457 | D:2      | 1457 ||| FLEEEEING.
  1458 | D:2      | 1458 ||| FLEEEEING.
  1459 | D:2      | 1459 ||| STAIRDANCE
  1537 | D:2      | 1537 ||| STAIRDANCE
  1615 | D:2      | 1615 ||| STAIRDANCE
  1681 | D:2      | HP: 5/28 [something (9)]
  1684 | D:2      | Killed from afar by Sigmund

Levels and vault maps discovered:
D:1:      eino_arrival_cavern_c, layout_basic, minmay_misc_feat_iff,
          minmay_misc_feat_doors
D:2:      wad_river_or_something, layout_loops_ring, uniq_sigmund

Skill      XL: |  1  2  3  4 |
---------------+-------------+-----
Axes           | 2 3 4 |  4.3
Fighting       | |  3.2
Armour         | |  3.2
Shields        | |  3.2

Action                     |  1- 3 |  4- 6 || total
---------------------------+-------+-------++-------
  Melee: War axe           |   120 |    66 ||   186
    Use: Scroll            |     5 |     2 ||     7
         Potion            |       |     1 ||     1
 Armour: Scale mail        |    58 |    59 ||   117
  Dodge: Dodged            |    59 |    30 ||    89
  Block: Buckler           |    19 |    12 ||    31

Table legend:
 A = Non-vault XP
 B = Vault XP
 C = Vault XP percentage of total XP
 D = Non-vault monster count
 E = Vault monster count
 F = Vault count percentage of total count
                 A         B        C        D         E       F
            +---------+---------+-------+---------+---------+-------
      Total |     104 |      40 |  27.8 |      45 |       8 |  15.1
            +---------+---------+-------+---------+---------+-------
        D:1 |      53 |       0 |   0.0 |      29 |       0 |   0.0
        D:2 |      51 |      40 |  44.0 |      16 |       8 |  33.3
            +---------+---------+-------+---------+---------+-------
